 Dungeon Crawl Stone Soup version 0.17-a0-1910-g4c791fa (webtiles) character file.

18 derrpe the Vexing (level 2, 0/21 HPs)
             Began as a Formicid Arcane Marksman on Sept 25, 2015.
             Slain by a giant gecko (4 damage)
             ... on level 1 of the Dungeon.
             The game lasted 00:01:35 (875 turns).

derrpe the Vexing (Formicid Arcane Marksman)         Turns: 875, Time: 00:01:35

Health: 0/21       AC:  2    Str: 15    XL:     2   Next: 85%
Magic:  3/3        EV: 12    Int: 12    God:
Gold:   0          SH:  0    Dex: 10    Spells: 1 memorised, 2 levels left

rFire  . . .     SeeInvis +     a - +0 hand crossbow
rCold  . . .     Clarity  .     c - +0 robe
rNeg   . . .     SustAt   .     (no shield)
rPois  .         Gourm    .     (helmet unavailable)
rElec  .         Spirit   .     (no cloak)
rCorr  .         Warding  .     (no gloves)
rMut   .         Stasis   +     (no boots)
MR     .....                    (no amulet)
Stlth  +.........               (no ring)
                                (no ring)

@: not resistant to hostile enchantments, very unstealthy
A: permanent stasis, dig shafts and tunnels, four strong arms, antennae 3
a: Dig, Shaft Self


You were on level 1 of the Dungeon.
You were not hungry.

You visited 1 branch of the dungeon, and saw 1 of its levels.

Inventory:

Hand weapons
 a - a +0 hand crossbow (weapon)
 b - a +0 club
Missiles
 g - 18 bolts (quivered)
Armour
 c - a +0 robe (worn)
Scrolls
 f - 3 scrolls of immolation {unknown}
 h - a scroll of identify {unknown}
 i - a scroll of teleportation {unknown}
 j - a scroll of magic mapping {unknown}
 l - a scroll of enchant armour {unknown}
Books
 d - a book of Debilitation

   Spells                             Type                      Level
   a - Corona                         Hexes                        1
   b - Slow                           Hexes                        2
   c - Gell's Gravitas                Hexes/Translocation          3
   d - Inner Flame                    Hexes/Fire                   3
   e - Cause Fear                     Hexes                        4
   f - Leda's Liquefaction            Hexes/Earth                  4
Comestibles
 e - a bread ration {@e1}
 k - a chunk of flesh {@w0}


   Skills:
 + Level 1.1 Fighting
 + Level 2.4 Crossbows
 + Level 2.1 Dodging
 + Level 1.1 Spellcasting
 + Level 3.9 Hexes


You had 2 spell levels left.
You knew the following spells:

 Your Spells              Type           Power        Failure   Level  Hunger
a - Corona                Hex            ##.....      8%          1    ##.....


Dungeon Overview and Level Annotations

Branches:
Dungeon (1/15)

Altars:


Innate Abilities, Weirdness & Mutations

You are under a permanent stasis effect.
You can dig through walls and to a lower floor.
Your four strong arms can wield two-handed weapons with a shield.
You have a pair of large antennae on your head (SInv).


Message History

The giant gecko bites you.
You barely miss the giant gecko.
The giant gecko is lightly wounded.
The giant gecko closely misses you. The giant gecko bites you.
You closely miss the giant gecko. The giant gecko bites you.
You barely miss the giant gecko. The giant gecko barely misses you.
The giant gecko bites you.
* * * LOW HITPOINT WARNING * * *
You are too injured to fight recklessly!
a - a +0 hand crossbow (weapon)
You are too injured to fight recklessly!
You are too injured to fight recklessly!
You are too injured to fight recklessly!
Firing (i - inventory):
g - 19 bolts (quivered)
Press: ? - help, Shift-Dir - straight line, f - giant gecko
Aim: a giant gecko (clinging)
You shoot a bolt.
The bolt closely misses the giant gecko.
The giant gecko bites you.
You die...

### #.## #.... # ....
.... #. ....# .... .###
.... .... ..# ...# ###
#... #.##...#.#.#####...
#..l.....#.........
#.@#######.#####...
{#..#...........#.##
#..#....##.###.#†##
#..#...........#...
#..#......#########
#..#.............
######..#.#.#..#######
#.......#...#..# ###
#.......#####..#######..


You could see a giant gecko.

Vanquished Creatures
  An ooze (D:1)
  4 bats (D:1)
  A giant cockroach (D:1)
  2 hobgoblins (D:1)
  A kobold (D:1)
  A goblin (D:1)
  3 rats (D:1)
13 creatures vanquished.

Notes
Turn   | Place    | Note
--------------------------------------------------------------
     0 | D:1      | derrpe the Formicid Arcane Marksman began the quest for the Orb.
     0 | D:1      | Reached XP level 1. HP: 15/15 MP: 2/2
   248 | D:1      | Reached XP level 2. HP: 21/21 MP: 3/3
   293 | D:1      | HP: 1/21 [ooze (4)]
   875 | D:1      | Slain by a giant gecko

Vault maps used:
D:1:      dpeg_arrival_rooms_b, grunt_decor_resistance

Action                   || total
-------------------------++-------
Melee: Club              ||    40
 Fire: Hand crossbow     ||    12
